 Dungeon Crawl Stone Soup version 0.18.1-48-g4cf74bf (webtiles) character file.

31 Elystan the Sneak (level 3, 15/15 HPs)
             Began as a Felid Enchanter on Aug 25, 2016.
             Was an Initiate of Ru.
             Quit the game on level 3 of the Dungeon.
             The game lasted 00:05:25 (2347 turns).

Elystan the Sneak (Felid Enchanter)                 Turns: 2347, Time: 00:05:26

Health: 15/15      AC:  1    Str:  5    XL:     3   Next: 7%
Magic:  7/7        EV: 18    Int: 16    God:    Ru [......]
Gold:   137        SH:  0    Dex: 16    Spells: 3 memorised, 0 levels left
                                        Lives:  0   Deaths: 1

rFire  . . .     SeeInvis +       - Unarmed
rCold  . . .     Gourm    .     (armour unavailable)
rNeg   . . .     Faith    .     (shield unavailable)
rPois  .         Spirit   .     (helmet unavailable)
rElec  .         Dismiss  .     (cloak unavailable)
rCorr  .         Reflect  .     (gloves unavailable)
SustAt .         Harm     .     (boots unavailable)
MR     .....                    (no amulet)
Stlth  ++++......               (no ring)
                                (no ring)

@: quick, not resistant to hostile enchantments, stealthy
A: no armour, no weapons or thrown items, claws 1, fangs 3, see invisible,
carnivore 3, speed 1, shaggy fur 1, slow metabolism 1, sharp paws
a: Renounce Religion


You were on level 3 of the Dungeon.
You worshipped Ru.
Ru was noncommittal.
You were not hungry.

You visited 1 branch of the dungeon, and saw 3 of its levels.

You collected 137 gold pieces.

Inventory:

Scrolls
 d - 2 scrolls of remove curse {unknown}
 g - 2 scrolls of identify {unknown}
 h - a scroll of fear {unknown}
 i - a scroll of enchant armour {unknown}
 j - a scroll of teleportation {unknown}
Potions
 c - a potion of flight {unknown}
 e - a potion of curing {unknown}
Books
 a - a book of Maledictions

   Spells                             Type                      Level
   a - Corona                         Hexes                        1
   b - Ensorcelled Hibernation        Hexes/Ice                    2
   c - Confuse                        Hexes                        3
   d - Tukima's Dance                 Hexes                        3
   e - Dazzling Spray                 Conjuration/Hexes            3
Comestibles
 b - 2 meat rations
 f - a royal jelly


   Skills:
 + Level 0.4 Fighting
 + Level 3.4 Dodging
 + Level 5.2 Stealth
 + Level 1.5 Unarmed Combat
 + Level 2.2 Spellcasting
 + Level 5.0 Hexes
 + Level 0.3 Ice Magic


You couldn't memorise any spells.
You knew the following spells:

 Your Spells              Type           Power        Failure   Level  Hunger
a - Corona                Hex            ###....      2%          1    #......
b - Ensorcelled Hibernat  Hex/Ice        ##....       12%         2    ###....
c - Confuse               Hex            ###.....     10%         3    ###....


Dungeon Overview and Level Annotations

Branches:
Dungeon (3/15)

Altars:
Ru
Zin

Shops:
D:2 *

Annotations:
D:3 Xelenos's ghost, amateur DrMo


Innate Abilities, Weirdness & Mutations

You cannot wear armour.
You are incapable of wielding weapons or throwing items.
You have sharp claws.
You have razor-sharp teeth.
You have supernaturally acute eyesight.
You are carnivorous and can eat meat at any time.
You cover ground quickly.
You are covered in fur (AC +1).
You have a slow metabolism.
Your sharp claws are effective at attacking unaware monsters.


Message History

The orc priest hits you.
* * * LOW HITPOINT WARNING * * *
The orc hits you with a flail!
You stop ascending the stairs.
You die...
The orc completely misses you.
You are now level 3!
You rejoin the land of the living...
The helpless quokka fails to defend itself.
You claw the quokka!
You kill the quokka!
There is a faded altar to an unknown god here.
This altar will convert you to a god.
You cannot discern which.
Do you pray? Ru accepts your prayer! Ru welcomes you!
Okay, then.
You offer a prayer to Ru.
Ru is noncommittal.
Are you sure you want to abandon this character and quit the game? (Confirm with "yes".)
Okay, then.
Are you sure you want to abandon this character and quit the game? (Confirm with "yes".)

#. %# ##.# $# #++#
#...####.##
...###.#.[..g..#
#.............#
#...8.........#.#
#..8.8S........#
#.#.8.@.8...<...#
#....8W8........#
##....8...g......#
##.................
#..####.##.###.##.
#.# #.##.# .#
#.#####.##.###.#
#..............
#######....###.


You could see Xelenos's ghost, an adder and 2 hobgoblins.

Vanquished Creatures
  2 adders (D:2)
  3 dart slugs
  3 giant geckos (D:1)
  An orc (D:2)
  8 bats
  A giant cockroach (D:2)
  4 hobgoblins
  4 jackals (D:1)
  7 kobolds
  A quokka (D:3)
  A giant newt (D:2)
  4 goblins (D:1)
  2 rats
41 creatures vanquished.

Notes
Turn   | Place    | Note
--------------------------------------------------------------
     0 | D:1      | Elystan the Felid Enchanter began the quest for the Orb.
     0 | D:1      | Reached XP level 1. HP: 7/7 MP: 4/4
    86 | D:1      | Reached XP level 2. HP: 7/11 MP: 6/6
    90 | D:1      | Learned a level 2 spell: Ensorcelled Hibernation
  1061 | D:1      | Reached XP level 3. HP: 8/14 MP: 7/7
  1210 | D:1      | Learned a level 3 spell: Confuse
  1636 | D:2      | Reached skill level 5 in Hexes
  1663 | D:2      | Found Zin's Purification Station.
  1665 | D:2      | Found a glowing silver altar of Zin.
  1798 | D:2      | Reached skill level 5 in Stealth
  2002 | D:2      | Reached XP level 4. HP: 18/18 MP: 5/8
  2137 | D:3      | Found a faded altar to an unknown god.
  2137 | D:3      | Noticed Xelenos's ghost (amateur DrMo)
  2336 | D:3      | Slain by an orc
  2337 | D:3      | Reached XP level 3. HP: -2/15 MP: 7/7
  2347 | D:3      | Became a worshipper of Ru the Awakened
  2347 | D:3      | Quit the game

Skill      XL: |  1  2  3 |
---------------+----------+-----
Dodging        | 3 |  3.4
Hexes          | 5 |  5.0
Stealth        | 5 |  5.2
Fighting       | |  0.4
Unarmed Combat | |  1.5
Spellcasting   | |  2.2
Ice Magic      | |  0.3

Action                   |  1- 3 |  4- 6 || total
-------------------------+-------+-------++-------
Melee: Unarmed           |    84 |     3 ||    87
       Bite              |     3 |       ||     3
 Cast: Ensorcelled Hiber |    12 |     2 ||    14
       Confuse           |     3 |       ||     3
 Stab: Sleeping          |    26 |     2 ||    28
       Confused          |     1 |       ||     1
  Eat: Chunk             |     5 |       ||     5
Armor: Skin              |     7 |     1 ||     8
Dodge: Dodged            |    72 |     4 ||    76
